 Dungeon Crawl Stone Soup version 0.30-a0-939-gc8157cb160 (webtiles) character file.

Game seed: 18374218031789290920

1498037 ragingrage the Worldbinder (level 25, 116/116 HPs)
             Began as a Felid Earth Elementalist on Mar 24, 2023.
             Was an Initiate of Gozag.
             Escaped with the Orb
             ... and 3 runes on Mar 25, 2023!
             The game lasted 03:02:05 (81733 turns).

ragingrage the Worldbinder (FeEE)                  Turns: 81733, Time: 03:02:06

Health: 116/116    AC:  5    Str:  4    XL:     25   Next: 1%
Magic:  50/50      EV: 31    Int: 32    God:    Gozag
Gold:   6188       SH:  0    Dex: 19    Spells: 2/60 levels left
                                        Lives:  2   Deaths: 3

rFire   + . .      SeeInvis +      - Unarmed
rCold   + + .      Faith    .    (shield unavailable)
rNeg    . . .      Spirit   .    (body armour unavailable)
rPois   .          Reflect  .    (helmet unavailable)
rElec   +          Rampage  .    (cloak unavailable)
rCorr   .                        (gloves unavailable)
Will    +++++                    (boots unavailable)
Stlth   ++                       v - amulet of magic regeneration
HPRegen 0.39/turn                J - ring "Hyeckaesche" {rElec rF+ Will++ MP+9 Stlth+}
MPRegen 0.72/turn                o - +6 ring of intelligence

@: quick
A: very small, claws 1, fangs 3, see invisible, speed 1, shaggy fur 3, stealthy
paws, no weapons or thrown items, no armour, multi-lived, iridescent scales 1,
cold resistance 1, low MP 1
0: Orb of Zot
}: 3/15 runes: decaying, slimy, gossamer
a: Renounce Religion, Potion Petition, Call Merchant, Bribe Branch


You escaped.
You worshipped Gozag.
Gozag was greatly pleased with you.
You visited 11 branches of the dungeon, and saw 52 of its levels.

You collected 22492 gold pieces.
You spent 2882 gold pieces at shops.
You paid 13422 gold pieces to Gozag.

Inventory:

Jewellery
 f - a ring of ice
 o - a +6 ring of intelligence (right paw)
 p - a ring of flight
 t - the amulet of Dimagut {Reflect Regen+ Str+4 SH+5}
   (You found it on level 3 of the Depths)

   [amulet of reflection]

   It reflects blocked missile attacks.
   Str:       It affects your strength (+4).
   Regen:     It increases your rate of health regeneration.
   SH:        It affects your SH (+5).
 v - an amulet of magic regeneration (around neck)
 y - a ring of positive energy
 E - the ring of Gesulowk {Ice Str-3 Dex+5}
   (You took it off a deep elf demonologist on level 3 of the Elven Halls)

   [ring of ice]

   It enhances your ice magic.
   Str:       It affects your strength (-3).
   Dex:       It affects your dexterity (+5).
   rF:        It makes you vulnerable to fire.
   rC:        It protects you from cold.
 J - the ring "Hyeckaesche" (left paw) {rElec rF+ Will++ MP+9 Stlth+}
   (You acquired it on level 3 of the Spider Nest)

   [ring of protection from fire]

   rF:        It protects you from fire.
   rElec:     It insulates you from electricity.
   MP:        It affects your magic capacity (+9).
   Will:      It greatly increases your willpower.
   Stlth:     It makes you more stealthy.
 P - the ring of Dishonesty {rPois rCorr Dex+4}
   (You found it on level 5 of the Pits of Slime)

   [ring of poison resistance]

   Dex:       It affects your dexterity (+4).
   rPois:     It protects you from poison.
   rCorr:     It protects you from acid and corrosion.
Wands
 u - a wand of acid (15)
 F - a wand of polymorph (28)
 H - a wand of mindburst (32)
 I - a wand of charming (19)
 K - a wand of flame (67)
 R - a wand of iceblast (21)
Scrolls
 e - 3 scrolls of silence
 g - 6 scrolls of blinking
 j - 9 scrolls of teleportation
 n - 6 scrolls of poison
 s - 12 scrolls of vulnerability
 x - 7 scrolls of fear
 z - 9 scrolls of magic mapping
 B - 2 scrolls of butterflies
 G - 8 scrolls of fog
 M - 6 scrolls of immolation
 S - 2 scrolls of amnesia
Potions
 a - 4 potions of magic
 c - 2 potions of brilliance
 h - 7 potions of might
 i - 15 potions of flight
 l - 6 potions of ambrosia
 m - 9 potions of mutation
 q - 5 potions of haste
 r - 15 potions of curing
 w - 6 potions of attraction
 A - 7 potions of berserk rage
 C - 4 potions of invisibility
 D - 4 potions of cancellation
 O - 12 potions of heal wounds
 Q - 7 potions of lignification
Miscellaneous
 b - a phial of floods
 d - a box of beasts
 k - a lightning rod (4/4)
 L - a phantom mirror
 N - a condenser vane


   Skills:
 - Level 15.0 Fighting
 - Level 17.0 Dodging
 - Level 11.9 Stealth
 - Level 10.0 Unarmed Combat
 - Level 18.2 Spellcasting
 - Level 12.0 Conjurations
 - Level 9.0 Hexes
 + Level 24.2 Summonings
 - Level 8.0 Necromancy
 - Level 10.3 Translocations
 - Level 15.0 Transmutations
 - Level 9.6 Earth Magic
 - Level 9.0 Evocations


You had 2 spell levels left.
You knew the following spells:

 Your Spells              Type           Power      Damage    Failure   Level
a - Statue Form           Tmut/Erth      54%        N/A       1%          6
b - Spellforged Servitor  Conj/Summ      49%        N/A       1%          7
c - Haunt                 Necr/Summ      46%        N/A       1%          7
d - Dragon's Call         Summ           55%        N/A       6%          9
e - Dispersal             Tloc           38%        N/A       2%          6
f - Borgnjor's Vile Clut  Necr/Erth      35%        N/A       1%          5
g - Blink                 Tloc           100%       N/A       1%          2
h - Irradiate             Conj/Tmut      43%        3d26      1%          5
i - Vhi's Electric Charg  Tloc/Air       100%       N/A       1%          3
j - Passwall              Tmut/Erth      68%        N/A       0%          2
k - Iron Shot             Conj/Erth      39%        9d8       2%          6

Your spell library contained the following spells:

 Spells                   Type           Power      Damage    Failure   Level
 Magic Dart               Conj           100%       1d8       0%          1
 Searing Ray              Conj           100%       2d8       0%          2
 Wereblood                Tmut           90%        N/A       0%          2
 Apportation              Tloc           100%       N/A       1%          1
 Kiss of Death            Conj/Necr      100%       2d13      1%          1
 Necrotise                Necr           100%       1d9       1%          1
 Sandblast                Erth           100%       2d20      1%          1
 Slow                     Hex            100%       N/A       1%          1
 Sting                    Tmut/Pois      100%       1d8       1%          1
 Lesser Beckoning         Tloc           100%       N/A       1%          2
 Momentum Strike          Conj/Tloc      100%       3d10      1%          2
 Poisonous Vapours        Pois/Air       58%        N/A       1%          2
 Scorch                   Fire           58%        2d8       1%          2
 Sublimation of Blood     Necr           69%        N/A       1%          2
 Summon Guardian Golem    Hex/Summ       94%        N/A       0%          3
 Summon Cactus Giant      Summ           55%        N/A       0%          6
 Confusing Touch          Hex            72%        N/A       1%          3
 Dazzling Flash           Conj/Hex       100%       N/A       1%          3
 Gell's Gravitas          Tloc           77%        N/A       1%          3
 Hailstorm                Conj/Ice       61%        3d13      1%          3
 Ignite Poison            Fire/Tmut/Pois 57%        N/A       1%          3
 Inner Flame              Hex/Fire       55%        N/A       1%          3
 Stone Arrow              Conj/Erth      100%       3d13      1%          3
 Teleport Other           Tloc           77%        N/A       1%          3
 Tukima's Dance           Hex            72%        N/A       1%          3
 Vampiric Draining        Necr           69%        2d10      1%          3
 Anguish                  Hex/Necr       35%        N/A       1%          4
 Cause Fear               Hex            36%        N/A       1%          4
 Flame Wave               Conj/Fire      61%        2d14      1%          4
 Fulminant Prism          Conj/Hex       38%        3d18      1%          4
 Ice Form                 Ice/Tmut       67%        N/A       1%          4
 Iskenderun's Mystic Bla  Conj/Tloc      79%        2d16      1%          4
 Manifold Assault         Tloc           77%        N/A       1%          4
 Petrify                  Tmut/Erth      82%        N/A       1%          4
 Sticky Flame             Conj/Fire      61%        2d8       1%          4
 Summon Ice Beast         Ice/Summ       82%        N/A       1%          4
 Summon Lightning Spire   Summ/Air       82%        N/A       1%          4
 Agony                    Necr           69%        N/A       1%          5
 Blade Hands              Tmut           45%        N/A       1%          5
 Iskenderun's Battlesphe  Conj           82%        2d13      1%          5
 Summon Forest            Summ/Tloc      48%        N/A       1%          5
 Summon Mana Viper        Hex/Summ       94%        N/A       1%          5
 Malign Gateway           Summ/Tloc      48%        N/A       1%          7
 Monstrous Menagerie      Summ           55%        N/A       1%          7
 Summon Hydra             Summ           55%        N/A       1%          7
 Dragon Form              Tmut           45%        N/A       2%          7
 Arcjolt                  Conj/Air       30%        1d40      3%          5
 Metabolic Englaciation   Hex/Ice        27%        N/A       6%          5
 Silence                  Hex/Air        27%        N/A       6%          5
 Orb of Destruction       Conj           41%        9d11      9%          7
 Airstrike                Air            14%        2d(3-19)  13%         4
 Olgreb's Toxic Radiance  Pois           29%        N/A       13%         4
 Conjure Ball Lightning   Conj/Air       30%        3x3d10    17%         6
 Enfeeble                 Hex            36%        N/A       28%         7
 Plasma Beam              Fire/Air       14%        2x1d28    36%         5
 Disjunction              Tloc           38%        N/A       77%         8
 Discord                  Hex            36%        N/A       91%         8
 Infestation              Necr           34%        N/A       97%         8
 Ignition                 Fire           14%        3d6       100%        8
 Shatter                  Erth           37%        3d29*     100%        9
 Portal Projectile        Hex/Tloc       Unusable   N/A       N/A         3
 Animate Dead             Necr           Unusable   N/A       N/A         4
 Simulacrum               Ice/Necr       Unusable   N/A       N/A         6

Dungeon Overview and Level Annotations

Branches:
Dungeon (15/15)            Temple (1/1) D:4            Lair (5/5) D:8
  Swamp (4/4) Lair:2       Spider (4/4) Lair:3        Slime (5/5) Lair:5
    Orc (2/2) D:11            Elf (3/3) Orc:2        Vaults (4/5) D:14
  Crypt (0/3) Vaults:2     Depths (4/4) D:15            Zot (5/5) Depths:4

Altars:
Ashenzari
Cheibriados
Dithmenos
Elyvilon
Fedhas
Gozag
Hepliaklqana
Kikubaaqudgha
Makhleb
Nemelex Xobeh
Okawaru
Qazlal
Ru
Sif Muna
Trog
Uskayaw
Vehumet
Wu Jian
Xom
Yredelemnul
Zin
The Shining One
Jiyva
Lugonu

Shops:
D:4 [   D:12 :   D:14 :[[   Orc:2 :[:*   Elf:2 (   Spider:3 :   Vaults:2 =*
Vaults:4 :   Depths:1 ::=   Depths:3 =

Portals:
Hell: Depths:1 Depths:2 Depths:3 Depths:4
Abyss: Depths:1 Depths:3
Pandemonium: Depths:2 Depths:3 Depths:4
Ziggurat: Depths:1

Annotations:
D:9 exclusion: downstairs
D:13 exclusion: downstairs
Lair:1 exclusions: downstairs and 5 more exclusions
Lair:3 exclusion: downstairs
Lair:4 exclusion: downstairs
Swamp:1 1 runed translucent door, DeathPants's ghost, adept VSDe
Swamp:2 exclusion: downstairs
Spider:1 1 runed translucent door, Vomitron's ghost, adept DjCj
Elf:2 3 runed translucent doors
Vaults:3 3 runed translucent doors, Vogeir's ghost, veteran HuIE
Depths:1 exclusion: downstairs
Depths:3 1 runed translucent door, exclusion: downstairs, Tutea's ghost, adept TrMo
Zot:2 exclusion: downstairs
Zot:4 exclusion: door


Innate Abilities, Weirdness & Mutations

You have sharp claws.
You have razor-sharp teeth.
You have supernaturally acute eyesight. (SInv)
You cover ground quickly. (Speed+)
Your thick and shaggy fur keeps you warm. (AC +3, rC+)
Your paws help you pounce on unaware monsters.
You are incapable of wielding weapons or throwing items.
You cannot wear armour.
You gain extra lives every three experience levels.
You are partially covered in iridescent scales. (AC +2)
Your flesh is cold resistant. (rC+)
Your magical capacity is low. (-10% MP)


Message History

Things that are here:
5 stones; a +0 short sword
There is a stone staircase leading up here.
You climb upwards.
There is a stone staircase leading down here.
There is a stone staircase leading up here.
You climb upwards.
There is a stone staircase leading down here.
A hell beast comes into view.
The hell beast moves out of view.
You see here a +0 hand axe.
Things that are here:
a +0 short sword; a +0 hand axe
There is a stone staircase leading up, spattered with blood here.
You climb upwards.
There is a stone staircase leading down here.
(D) Dungeon (T) Temple (L) Lair (S) Swamp (N) Spider Nest (M) Slime Pits (O) Orcish Mines (E) Elven Halls (V) Vaults (C) Crypt (U) Depths (H) Hell (Z) Zot
Where to? (Enter - D:1 @ (x,y), ? - help)
What level of the Dungeon? (default 1, ? - help)
There is a stone staircase leading up here.
You climb upwards.
There is a stone staircase leading down here.
You see here a frilled lizard skeleton. 2 hell hogs come into view.
The hell hog moves out of view.
There is a stone staircase leading up here.
You climb upwards.
There is a stone staircase leading down here.
(D) Dungeon (T) Temple (L) Lair (S) Swamp (N) Spider Nest (M) Slime Pits (O) Orcish Mines (E) Elven Halls (V) Vaults (C) Crypt (U) Depths (H) Hell (Z) Zot
Where to? (Enter - D:1 @ (x,y), ? - help)
What level of the Dungeon? (default 1, ? - help)
There is an open door here.
There is a staircase leading out of the dungeon here.
You have escaped!

..#§..#...##.P...P..P##...#...#..
..#...#...##'#..P.P####...#...#..
'##...#...##.#######.##...#...##'
.###..#...#...#...#...#...#..###.
...#'##...#...#.>.#...#...##'#...
......##'###'##...##'###'##......
##...........###'###...[.......##
######.....................#####
..# #######.....@.....########
..###.#################......####
....#............................
....#'#####........####.#........
#...................###+#........
.................................
##................)..............
...†.........#...................
.............#......##...#......#


There were no monsters in sight!

Vanquished Creatures
  the Royal Jelly (Slime:5)
  Mara (Depths:1)
  An ancient lich (Zot:3)
  Bai Suzhen (Depths:2)
  2 Killer Klowns (Zot:3)
  A curse toe (Zot:5)
  3 golden dragons
  A bone dragon (Depths:4)
  An electric golem (Zot:5)
  Rupert (Orc:2)
  A deep elf blademaster (Elf:3)
  11 tentacled monstrosities
  4 Orb Guardians
  A quicksilver dragon (Zot:3)
  6 acid blobs
  4 death cobs
  3 sphinxes
  Agnes (Spider:1)
  2 deep elf master archers (Elf:3)
  3 shadow dragons
  Kirke (Lair:5)
  A tentacled starspawn (Depths:3)
  A tengu reaver (Depths:2)
  A thorn hunter (Swamp:4)
  5 storm dragons
  A fire giant (Depths:4)
  5 rockslimes
  6 azure jellies
  A balrug (Depths:2)
  An emperor scorpion (Spider:4)
  2 frost giants (Depths:1)
  2 vault wardens (Vaults:4)
  A draconian scorcher (Zot:5)
  6 ghost moths
  A draconian stormcaller (Zot:3)
  3 deep elf sorcerers (Elf:3)
  2 draconian monks
  4 draconian shifters
  5 draconian annihilators
  A deep elf elementalist (Elf:3)
  2 spriggan defenders (Depths:4)
  7 very ugly things
  6 quicksilver oozes (Slime:5)
  7 ironbound preservers
  A broodmother (Spider:1)
  An ironbound thunderhulk (Vaults:1)
  6 stone giants
  2 vampire knights
  4 green draconians
  3 eleionomae
  3 deep elf demonologists (Elf:3)
  5 red draconians
  7 yellow draconians
  3 deep elf annihilators
  3 black draconians
  The ghost of Posofib the Peltast, a journeyman MiFi of Cheibriados (D:13)
  A starcursed mass (Depths:3)
  2 dire elephants (Vaults:2)
  3 purple draconians
  3 white draconians
  Snorg (Lair:5)
  2 deep elf death magi
  An ettin (Depths:2)
  A blizzard demon (Depths:3)
  6 fire dragons
  3 deep elf high priests
  Josephine (D:11)
  4 great orbs of eyes
  3 yaktaur captains
  6 hydras
  2 ice dragons
  A rakshasa (Depths:1)
  A vault guard (Vaults:4)
  2 spriggan air magi
  5 ghost crabs
  Erica (Lair:1)
  An anaconda (shapeshifter) (Depths:3)
  3 two-headed ogres
  3 ironbound frosthearts
  6 dancing weapons
  4 alligators
  4 centaur warriors
  2 boulder beetles
  A deep troll earth mage (Depths:4)
  2 vampire magi
  4 orc high priests
  4 deep troll shamans
  2 death yaks (Lair:3)
  3 spriggan berserkers
  Nergalle (Lair:1)
  2 sun demons
  2 hell knights (Depths:2)
  A soul eater (Zot:1)
  3 deep elf knights
  A wretched star (Depths:3)
  4 iron trolls
  5 skeletal warriors
  A sun moth (Spider:4)
  3 goliath frogs
  A flayed ghost (Depths:1)
  8 deep trolls
  A death drake (shapeshifter) (Depths:2)
  4 swamp dragons
  A steelbarb worm (Spider:1)
  5 wizards
  4 orb spiders
  A deep elf archer (Elf:1)
  6 ironbound convokers
  3 lindwurms
  3 bog bodies (Swamp:1)
  A necromancer (Depths:2)
  6 orc knights
  4 wolf spiders
  10 ugly things
  6 deep elf pyromancers
  3 orc sorcerers
  A shining eye (Slime:5)
  4 cyclopes
  5 deep elf zephyrmancers
  A manticore (D:14)
  14 moths of wrath
  A worldbinder (Depths:3)
  A frost giant skeleton (Vaults:4)
  A rust devil (Depths:4)
  18 elephants
  4 black mambas
  An orange demon (Lair:1)
  6 vault sentinels
  A demonic crawler (Spider:4)
  3 torpor snails
  Joseph (Lair:1)
  23 cane toads
  An apocalypse crab (Depths:3)
  An unseen horror (D:12)
  8 rime drakes
  4 kobold demonologists
  4 komodo dragons
  12 yaktaurs
  3 tengu conjurers
  2 yaktaur skeletons (Vaults:2)
  A tormentor (Depths:3)
  5 human skeletons (Vaults:2)
  A meliai (Lair:3)
  5 trolls
  9 tyrant leeches
  A polar bear (Lair:3)
  9 hornets
  30 blink frogs
  7 tarantellas
  28 slime creatures
  4 dream sheep (Lair:3)
  7 jumping spiders
  2 ettin skeletons (Vaults:2)
  A ynoxinul (Zot:5)
  7 spriggans
  2 shadows
  5 culicivoras
  An air elemental (Elf:1)
  2 water elementals (Elf:3)
  4 wraiths
  11 wyverns
  5 fire elementals
  38 yaks
  A vampire (D:14)
  3 basilisks
  A golden eye (Slime:4)
  3 hogs (Lair:4)
  25 redbacks
  2 steam dragons
  22 vampire mosquitoes
  A large abomination (Depths:3)
  A warg (Orc:1)
  32 water moccasins
  6 swamp worms
  2 acid dragons (D:12)
  A hell hound (D:15)
  19 orc warriors
  5 swamp drakes
  4 nameless horrors
  3 ogre skeletons (Vaults:2)
  4 ogres
  4 wolves
  2 phantoms
  3 centaurs (D:10)
  Blork the orc (D:5)
  4 kobold brigands
  2 gnoll sergeants
  13 bullfrogs
  A two-headed ogre simulacrum (D:11)
  An earth elemental (Elf:2)
  14 killer bees
  3 electric eels
  A howler monkey (D:6)
  4 jellies
  2 sleepcaps (D:8)
  Crazy Yiuf (D:3)
  A gnoll bouda (D:7)
  14 orc priests
  4 hounds
  Natasha (thrice) (D:3)
  5 iguanas
  15 orc wizards
  9 hell rats
  11 gnolls
  25 adders
  A shadow imp (D:6)
  A white imp (D:5)
  2 ufetubi (D:6)
  3 worms
  2 dart slugs
  51 orcs
  6 ball pythons
  5 endoplasms
  7 goblins
  4 hobgoblins
  4 jackals (D:3)
  3 quokkas
  5 bats
  4 frilled lizards
  23 kobolds
  6 rats
1048 creatures vanquished.

Vanquished Creatures (collateral kills)
  4 ancient liches (Zot:5)
  7 orbs of fire
  Sojobo (Depths:2)
  The ghost of Miownoin the Impregnable, a master GrFi of Ashenzari (Depths:3)
  Saint Roka (Depths:2)
  7 Killer Klowns
  4 curse toes
  8 golden dragons
  The ghost of Unforgiven the Hoplite, an adept MiFi of Qazlal (Depths:3)
  Arachne (Spider:4)
  3 doom hounds (Zot:4)
  An electric golem (Zot:5)
  7 tentacled monstrosities
  A deep elf blademaster (Elf:3)
  14 Orb Guardians
  A lich (Vaults:1)
  Grunn (Zot:4)
  12 acid blobs
  A sphinx (Vaults:2)
  2 quicksilver dragons
  A tentacled starspawn (Depths:3)
  4 death cobs
  6 storm dragons
  4 azure jellies
  Donald (Swamp:1)
  2 tengu reavers
  A draconian monk (Zot:5)
  2 daevas
  8 rockslimes
  A fenstrider witch (Swamp:3)
  A frost giant (Depths:3)
  3 ghost moths
  3 vault wardens
  A draconian scorcher (Zot:2)
  6 draconian shifters
  2 deep elf sorcerers (Elf:3)
  A deep elf elementalist (Elf:3)
  5 ironbound preservers
  A reaper (D:13)
  An orc warlord (Vaults:3)
  5 quicksilver oozes
  11 very ugly things
  2 draconian stormcallers
  2 eleionomae (Swamp:2)
  2 deep elf demonologists (Elf:3)
  4 stone giants
  8 black draconians
  3 spark wasps
  6 deep elf annihilators (Elf:3)
  3 green draconians
  6 white draconians
  5 red draconians
  3 bunyips
  3 dire elephants (Vaults:2)
  3 yellow draconians
  3 fire dragons
  7 entropy weavers
  A blizzard demon (D:13)
  4 ettins
  6 deep elf death magi
  A green death (Zot:2)
  3 deep elf high priests
  4 yaktaur captains
  A hell beast (D:14)
  6 great orbs of eyes
  An ice dragon (Depths:3)
  2 rakshasas
  3 jorogumos (Spider:4)
  Erolcha (Orc:2)
  A radroach (Spider:4)
  2 spriggan air magi (Depths:4)
  8 hydras
  A vault guard (Vaults:4)
  An ironbound frostheart (Vaults:1)
  5 centaur warriors
  3 alligators
  3 boulder beetles
  4 deep troll shamans
  3 tengu warriors
  2 thrashing horrors (Depths:3)
  Urug (Orc:2)
  A vampire mage (Depths:2)
  4 deep troll earth magi
  8 dancing weapons
  An orc high priest (Orc:1)
  3 hell knights (Depths:2)
  A soul eater (Zot:5)
  6 deep elf knights
  4 skeletal warriors
  A wretched star (Depths:3)
  An iron troll (Depths:1)
  2 pharaoh ants
  6 swamp dragons
  32 deep trolls
  2 spriggan druids
  3 glowing orange brains
  7 orb spiders
  6 deep elf archers (Elf:2)
  3 steelbarb worms
  A harpy (Vaults:2)
  2 necromancers
  8 ironbound convokers
  A wizard (Vaults:4)
  21 deep elf zephyrmancers
  4 orc knights (Vaults:3)
  6 lindwurms
  17 deep elf pyromancers
  4 orc sorcerers
  5 wolf spiders
  11 ugly things
  4 shining eyes
  3 will-o-the-wisps
  A fire giant zombie (Vaults:4)
  A cyclops (D:15)
  10 moths of wrath
  A manticore (D:15)
  2 torpor snails
  6 vault sentinels
  7 eyes of devastation
  A smoke demon (Depths:2)
  2 demonic crawlers (Spider:4)
  A rust devil (Zot:4)
  11 yaktaurs
  A hellwing (Depths:2)
  4 tyrant leeches
  A red devil (Depths:3)
  A troll (Orc:2)
  7 hornets
  15 tarantellas
  2 large abominations (Depths:3)
  A stone giant simulacrum (Vaults:4)
  9 jumping spiders
  8 spriggans
  12 culicivoras
  61 slime creatures
  A wyvern (D:14)
  7 air elementals
  3 basilisks (D:14)
  4 nameless horrors
  A fire elemental (Elf:1)
  43 redbacks
  12 golden eyes
  2 vampire mosquitoes (Swamp:2)
  8 swamp worms
  A water moccasin (Lair:4)
  3 hell hounds (D:15)
  5 orc warriors
  2 swamp drakes (Swamp:4)
  3 boggarts (Vaults:2)
  4 ogres
  3 earth elementals (Elf:2)
  3 orc priests
  8 orc wizards
  A hell rat (D:14)
  13 orcs
  8 briar patches (Swamp:4)
  3 starspawn tentacles (Depths:3)
756 creatures vanquished.

Vanquished Creatures (others)
  An ancient lich (Zot:5)
  A Killer Klown (Zot:5)
  7 Orb Guardians (Zot:5)
  2 thorn hunters
  A fenstrider witch (Zot:5)
  A draconian monk (Zot:5)
  A draconian shifter (Zot:3)
  A broodmother (Spider:1)
  A draconian annihilator (Zot:5)
  A green draconian (Zot:5)
  2 bunyips
  A white draconian (Zot:5)
  A purple draconian (Zot:5)
  A shambling mangrove (Swamp:4)
  6 hydras
  A boulder beetle (Lair:5)
  2 alligators (Swamp:2)
  4 death yaks (Lair:3)
  A skeletal warrior (D:14)
  Amaemon (Lair:1)
  2 spriggan druids (Swamp:4)
  A death drake (shapeshifter) (D:14)
  3 ugly things
  A deep elf zephyrmancer (Elf:1)
  An orc knight (Orc:1)
  A will-o-the-wisp (Swamp:4)
  7 elephants
  A black mamba (Lair:4)
  A cane toad (Lair:5)
  A rime drake (Lair:2)
  2 tyrant leeches
  A bloated husk (Swamp:2)
  2 blink frogs
  3 slime creatures (D:14)
  2 wyverns (D:14)
  15 yaks
  4 vampire mosquitoes
  A swamp worm (Lair:2)
  A swamp drake (Swamp:4)
  An orc warrior (Orc:2)
  An ogre (Orc:2)
  2 orc wizards
  An adder (Lair:3)
  4 orcs
  4 bushes (Lair:1)
  4 demonic plants (D:11)
  13 foxfires
  65 fungi
  186 plants
  42 snaplasher vines
  4 starspawn tentacles (Depths:3)
  31 withered plants (Lair:1)
445 creatures vanquished.

Grand Total: 2249 creatures vanquished

Notes
Turn   | Place    | Note
-------+----------+-------------------------------------------
     0 | D:1      | ragingrage the Felid Earth Elementalist began the quest for
                  | the Orb.
     0 | D:1      | Reached XP level 1. HP: 7/7 MP: 4/4
   291 | D:1      | Reached XP level 2. HP: 11/11 MP: 0/6
   447 | D:1      | Found a faded altar of an unknown god.
  1012 | D:2      | Reached XP level 3. HP: 14/14 MP: 5/7
  1808 | D:3      | Found a hide-covered altar of Uskayaw.
  1864 | D:3      | Reached XP level 4. HP: 18/18 MP: 5/8
  1867 | D:3      | Learned a level 2 spell: Passwall
  1871 | D:3      | Learned a level 3 spell: Stone Arrow
  2116 | D:3      | Reached skill level 1 in Conjurations
  2193 | D:3      | Noticed Natasha
  2199 | D:3      | Killed Natasha
  2249 | D:3      | Reached XP level 5. HP: 21/21 MP: 7/9
  2398 | D:3      | Found a runed translucent door.
  2399 | D:3      | Noticed Crazy Yiuf
  2429 | D:3      | Noticed Natasha
  2452 | D:3      | Killed Crazy Yiuf
  2559 | D:3      | Killed Natasha
  2666 | D:3      | Noticed Natasha
  2669 | D:3      | Killed Natasha
  2728 | D:4      | Noticed a phantom
  2800 | D:4      | Found a staircase to the Ecumenical Temple.
  2801 | D:4      | Killed a phantom
  2802 | D:4      | Reached skill level 5 in Earth Magic
  2802 | D:4      | Gained mutation: You are covered in thick fur. (AC +2)
                  | [Felid growth]
  2802 | D:4      | Reached XP level 6. HP: 8/24 MP: 1/10
  2808 | Temple   | Entered the Ecumenical Temple
  3158 | D:4      | Identified the ring "Xussipt" {rPois rCorr Slay+3 Stlth-}
  3361 | D:4      | Identified the +9 short sword of the Sharing Pariah
                  | {freeze, rElec Will++ Str+3}
  3499 | D:4      | Found Cisitaly's Antique Armour Boutique.
  3649 | D:5      | Entered Level 5 of the Dungeon
  3663 | D:5      | Learned a level 2 spell: Blink
  3670 | D:5      | Noticed Blork the orc
  3681 | D:5      | Slain by an ogre
  3682 | D:5      | Reached XP level 5. HP: -1/21 MP: 9/9
  3718 | D:5      | Reached skill level 1 in Unarmed Combat
  3718 | D:5      | Reached skill level 1 in Translocations
  3718 | D:5      | Reached XP level 6. HP: 24/24 MP: 10/10
  3862 | D:5      | Found a white marble altar of Elyvilon.
  4062 | D:5      | Found a basalt altar of Yredelemnul.
  4077 | D:5      | Reached skill level 5 in Stealth
  4633 | D:6      | Reached XP level 7. HP: 27/27 MP: 7/11
  4889 | D:6      | Reached skill level 5 in Dodging
  4889 | D:6      | Reached skill level 1 in Evocations
  4989 | D:6      | Noticed a steam dragon
  5405 | D:6      | Reached XP level 8. HP: 20/31 MP: 5/12
  5704 | D:7      | Noticed a cyan ugly thing
  5777 | D:7      | Reached skill level 5 in Conjurations
  6013 | D:7      | Learned a level 3 spell: Summon Guardian Golem
  6435 | D:7      | Killed a cyan ugly thing
  6436 | D:7      | Reached XP level 9. HP: 25/34 MP: 2/13
  6596 | D:7      | Reached skill level 1 in Hexes
  6596 | D:7      | Reached skill level 1 in Summonings
  6641 | D:7      | Reached skill level 2 in Summonings
  6901 | D:8      | Reached skill level 3 in Summonings
  6929 | D:8      | Reached skill level 4 in Summonings
  7120 | D:8      | Reached skill level 5 in Hexes
  7347 | D:5      | Killed Blork the orc
  7348 | D:5      | Reached skill level 1 in Fighting
  7708 | D:8      | Noticed a komodo dragon
  7732 | D:8      | Killed a komodo dragon
  7733 | D:8      | Reached XP level 10. HP: 40/40 MP: 7/17
  7977 | D:8      | Found a staircase to the Lair.
  8162 | D:9      | Noticed a centaur warrior
  8166 | D:9      | HP: 2/40 [centaur warrior (5)]
  8167 | D:9      | Killed a centaur warrior
  8172 | D:9      | Slain by a kobold brigand
  8173 | D:9      | Reached XP level 9. HP: 0/37 MP: 3/16
  8173 | D:9      | Found Joxzou's Book Boutique.
  8497 | D:9      | Got the Monograph on the Traveller
  9037 | D:9      | Found a stormy altar of Qazlal.
  9050 | D:9      | Found an iron altar of Okawaru.
  9125 | D:10     | Entered Level 10 of the Dungeon
  9162 | D:10     | Found a blossoming altar of Fedhas.
  9562 | D:10     | Found an opulent altar of Gozag.
  9574 | D:10     | Became a worshipper of Gozag Ym Sagoz the Greedy
  9580 | D:10     | Reached XP level 10. HP: 42/42 MP: 11/17
  9830 | D:10     | Found a sacrificial altar of Ru.
  9841 | D:10     | Noticed a two-headed ogre
  9861 | D:10     | Killed a two-headed ogre
  9916 | D:10     | Noticed a two-headed ogre
  9936 | D:10     | Killed a two-headed ogre
  9937 | D:10     | Reached skill level 5 in Fighting
 10512 | D:10     | Learned a level 4 spell: Iskenderun's Mystic Blast
 10593 | Lair:1   | Entered Level 1 of the Lair of Beasts
 10593 | Lair:1   | Noticed a cane toad
 10595 | Lair:1   | Killed a cane toad
 10671 | Lair:1   | Found a blossoming altar of Fedhas.
 10699 | Lair:1   | Noticed Nergalle
 10718 | Lair:1   | Noticed a cane toad
 10733 | Lair:1   | Noticed a cane toad
 10742 | D:8      | Killed a cane toad
 10767 | Lair:1   | Noticed a black mamba
 10891 | Lair:1   | Killed a black mamba
 10918 | Lair:1   | Noticed Erica
 10945 | Lair:1   | Killed Erica
 10946 | Lair:1   | Reached XP level 11. HP: 47/47 MP: 7/18
 11028 | Lair:1   | Noticed Joseph
 11040 | Lair:1   | Killed Joseph
 11050 | Lair:1   | Noticed Amaemon
 11318 | Lair:1   | Reached skill level 5 in Translocations
 11686 | Lair:1   | Killed Amaemon
 11819 | Lair:1   | Killed Nergalle
 11820 | Lair:1   | Reached skill level 5 in Spellcasting
 12305 | Lair:2   | Found a shimmering blue altar of Sif Muna.
 12349 | Lair:2   | HP: 2/47 [poisoned by a black mamba]
 12349 | Lair:2   | Mangled by a black mamba
 12350 | Lair:2   | Reached XP level 10. HP: -10/44 MP: 6/18
 12350 | Lair:2   | Noticed a cane toad
 12400 | Lair:2   | Killed a black mamba
 12401 | Lair:2   | Reached skill level 10 in Stealth
 12418 | Lair:2   | Noticed a cane toad
 12434 | Lair:2   | Killed a cane toad
 12435 | Lair:2   | Reached skill level 5 in Summonings
 12564 | Lair:2   | Killed a cane toad
 12701 | Lair:2   | Found a staircase to the Swamp.
 12754 | Lair:2   | Noticed a cane toad
 12772 | Lair:2   | Killed a cane toad
 12773 | Lair:2   | Reached XP level 11. HP: 17/47 MP: 2/19
 13556 | Lair:2   | Reached skill level 5 in Evocations
 13834 | Lair:2   | Reached skill level 6 in Summonings
 14472 | Lair:3   | Noticed a six-headed hydra
 14483 | Lair:3   | Killed a six-headed hydra
 14580 | Lair:3   | Found a hole to the Spider Nest.
 14654 | Lair:3   | Noticed a death yak
 14691 | Lair:3   | Noticed a death yak
 14693 | Lair:3   | Noticed a death yak
 14697 | Lair:3   | Noticed a death yak
 14700 | Lair:3   | Noticed a death yak
 14700 | Lair:3   | Killed a death yak
 14807 | Lair:3   | Noticed a death yak
 14845 | Lair:3   | Killed a death yak
 14891 | Lair:3   | Killed a death yak
 14892 | Lair:3   | Gained mutation: Your thick and shaggy fur keeps you warm.
                  | (AC +3, rC+) [Felid growth]
 14892 | Lair:3   | Reached XP level 12. HP: 31/53 MP: 20/20
 14894 | Lair:3   | Killed a death yak
 14927 | Lair:3   | Killed a death yak
 14944 | Lair:3   | Killed a death yak
 15065 | Lair:3   | Reached skill level 5 in Unarmed Combat
 15068 | Lair:3   | Reached skill level 10 in Dodging
 17612 | Lair:5   | Entered Level 5 of the Lair of Beasts
 17623 | Lair:5   | Reached XP level 13. HP: 46/60 MP: 21/21
 17632 | Lair:5   | Noticed Sonja
 17746 | Lair:5   | Sonja changed into Sonja the basilisk
 17746 | Lair:5   | Noticed Sonja
 17752 | Lair:4   | Killed Sonja the basilisk
 18293 | Lair:5   | Reached skill level 10 in Conjurations
 18949 | Lair:4   | Upgraded the game from 0.30-a0-937-ga0a21ad780 to
                  | 0.30-a0-939-gc8157cb160
 19567 | Lair:4   | Reached skill level 7 in Summonings
 20244 | Lair:5   | Noticed Snorg
 20359 | Lair:5   | Killed Snorg
 20612 | Lair:5   | Noticed Kirke
 20615 | Lair:5   | Noticed a sphinx
 20926 | Lair:5   | Reached XP level 14. HP: 64/64 MP: 9/22
 20929 | Lair:5   | Reached skill level 8 in Summonings
 21358 | Lair:5   | Found a staircase to the Slime Pits.
 21799 | Lair:5   | Killed Kirke
 22176 | Lair:5   | Got the Omnibus of the Cooperative Storm
 22183 | Lair:5   | Learned a level 5 spell: Summon Forest
 22639 | Lair:5   | Found a staircase to the Slime Pits.
 23110 | D:11     | Found a corrupted altar of Lugonu.
 23439 | D:11     | Found a staircase to the Orcish Mines.
 24652 | Orc:1    | Entered Level 1 of the Orcish Mines
 26035 | D:11     | Reached skill level 9 in Summonings
 26095 | Orc:1    | Noticed Josephine
 26344 | D:11     | Killed Josephine
 26867 | Orc:2    | Entered Level 2 of the Orcish Mines
 26871 | Orc:2    | Noticed Urug
 26973 | Orc:2    | Noticed Rupert
 26986 | Orc:2    | Killed Rupert
 27431 | Orc:2    | Noticed Erolcha
 27442 | Orc:2    | Killed Erolcha
 27443 | Orc:2    | Reached skill level 10 in Summonings
 27523 | Orc:2    | Found a staircase to the Elven Halls.
 27750 | Orc:2    | Killed Urug
 27981 | Orc:2    | Found Qechopim's Assorted Antiques.
 27981 | Orc:2    | Found Quetojac's Book Emporium.
 27996 | Orc:2    | Found Myag's Armour Shop.
 27996 | Orc:2    | Found Zosuax's Book Emporium.
 28008 | Orc:2    | Bought Wuwon's Writings on Transforming Location for 704
                  | gold pieces
 28210 | D:13     | Found a runed translucent door.
 28216 | D:13     | Noticed Posofib's ghost (journeyman MiFi)
 29111 | D:13     | Killed Posofib's ghost
 29224 | D:14     | Reached XP level 15. HP: 67/67 MP: 19/25
 29635 | D:14     | Reached skill level 5 in Transmutations
 30032 | D:14     | Found Caid Boh's Book Shop.
 30250 | D:14     | Found a gate to the Vaults.
 30665 | D:14     | You fall into a shaft and drop 1 floor!
 30665 | D:15     | Entered Level 15 of the Dungeon
 30897 | D:14     | Found Wosimif's Armour Shop.
 30902 | D:14     | Found Xaneur's Antique Armour Shoppe.
 31356 | D:14     | Learned a level 6 spell: Statue Form
 31778 | Swamp:1  | Entered Level 1 of the Swamp
 31972 | D:12     | Bought a book of Beasts for 570 gold pieces
 31979 | D:12     | Learned a level 5 spell: Summon Mana Viper
 32415 | Swamp:1  | Found a runed translucent door.
 32415 | Swamp:1  | Found a shimmering altar of Xom.
 32415 | Swamp:1  | Noticed DeathPants's ghost (adept VSDe)
 32416 | Swamp:1  | Identified the +7 demon trident of the Warrior {chaos,
                  | rCorr}
 32421 | Swamp:1  | Noticed Donald
 32432 | Swamp:1  | Killed Donald
 32799 | Swamp:1  | Reached skill level 10 in Transmutations
 33427 | Swamp:2  | Noticed a thorn hunter
 33437 | Swamp:2  | Killed a thorn hunter
 34036 | Swamp:2  | Found a radiant altar of Vehumet.
 34282 | Swamp:3  | Noticed a fenstrider witch
 35576 | Swamp:2  | Reached XP level 16. HP: 36/72 MP: 13/27
 36830 | Swamp:4  | Entered Level 4 of the Swamp
 36890 | Swamp:4  | Noticed a tentacled monstrosity
 36892 | Swamp:4  | Killed a tentacled monstrosity
 37574 | Swamp:4  | Noticed a thorn hunter
 37579 | Swamp:4  | Killed a thorn hunter
 37672 | Swamp:4  | Noticed a thorn hunter
 37688 | Swamp:4  | Killed a thorn hunter
 37850 | Swamp:4  | Reached skill level 15 in Transmutations
 37949 | Swamp:4  | Got a decaying rune of Zot
 38416 | Spider:1 | Entered Level 1 of the Spider Nest
 38695 | Orc:2    | Bought a book of Scorching for 480 gold pieces
 39124 | Spider:1 | Noticed Agnes
 39141 | Spider:1 | Killed Agnes
 39378 | Spider:1 | Found a runed translucent door.
 39378 | Spider:1 | Found a shimmering altar of Xom.
 39378 | Spider:1 | Noticed Vomitron's ghost (adept DjCj)
 39706 | Spider:1 | Reached skill level 11 in Summonings
 40134 | Spider:2 | Learned a level 6 spell: Summon Cactus Giant
 40340 | Spider:2 | Identified the +7 falchion of the Lonely Eyes {pain, rC-
                  | Str+6 Int+6}
 40819 | Spider:2 | Reached XP level 17. HP: 75/75 MP: 17/30
 41237 | Spider:3 | Identified 2 scrolls of acquirement
 41240 | Spider:3 | Acquired a book of the Warp
 41242 | Spider:3 | Acquired the ring "Hyeckaesche" {rElec rF+ Will++ MP+9
                  | Stlth+}
 41245 | Spider:3 | Bought a book of Alchemy for 336 gold pieces
 41857 | Spider:4 | Entered Level 4 of the Spider Nest
 41903 | Spider:4 | Learned a level 5 spell: Irradiate
 42419 | Spider:4 | Reached skill level 10 in Spellcasting
 43083 | Spider:4 | Noticed Arachne
 43508 | Spider:4 | Reached skill level 10 in Fighting
 43508 | Spider:4 | Reached skill level 15 in Dodging
 43508 | Spider:4 | Reached skill level 12 in Summonings
 44249 | Spider:4 | Killed Arachne
 44475 | Spider:4 | Got a gossamer rune of Zot
 44886 | Elf:1    | Entered Level 1 of the Elven Halls
 45285 | Elf:1    | Reached skill level 13 in Summonings
 45610 | Elf:1    | Paralysed by an air elemental for 1 turns
 45675 | Elf:1    | Reached XP level 18. HP: 80/80 MP: 23/33
 46118 | Orc:2    | Bought the Quarto of the Sparrow for 672 gold pieces
 46604 | Elf:2    | Paralysed by an air elemental for 1 turns
 47212 | Elf:2    | Learned a level 5 spell: Borgnjor's Vile Clutch
 47263 | Elf:2    | Found Hiereuf's Weapon Shop.
 47369 | Elf:2    | Reached skill level 1 in Necromancy
 47822 | Elf:2    | Found a runed translucent gate.
 47822 | Elf:2    | Found a runed translucent gate.
 47823 | Elf:2    | Found a runed translucent gate.
 48082 | Elf:3    | Entered Level 3 of the Elven Halls
 48120 | Elf:3    | Reached skill level 5 in Necromancy
 49198 | Vaults:1 | Entered Level 1 of the Vaults
 50477 | Vaults:1 | Noticed a lich
 50495 | Vaults:1 | Killed a lich
 51414 | Vaults:2 | Reached skill level 14 in Summonings
 51814 | Vaults:2 | Reached XP level 19. HP: 40/84 MP: 36/36
 51948 | Vaults:2 | Found a staircase to the Crypt.
 52168 | Vaults:2 | Found Qiwnaet's General Store.
 52218 | Vaults:2 | Bought a potion of haste for 120 gold pieces
 52801 | Vaults:2 | Learned a level 7 spell: Spellforged Servitor
 53671 | Vaults:3 | Found a runed translucent gate.
 53671 | Vaults:3 | Found a runed translucent gate.
 53672 | Vaults:3 | Noticed Vogeir's ghost (veteran HuIE)
 53673 | Vaults:3 | Found a runed translucent gate.
 54278 | Vaults:3 | Found a viscous altar of Jiyva.
 54281 | Vaults:3 | Reached skill level 15 in Spellcasting
 54281 | Vaults:3 | Reached XP level 20. HP: 88/88 MP: 40/40
 55126 | Vaults:4 | Learned a level 6 spell: Iron Shot
 55149 | Vaults:4 | Found Niegyovo's Book Shop.
 56212 | D:15     | Found a staircase to the Depths.
 56406 | Depths:1 | Entered Level 1 of the Depths
 56431 | Depths:1 | Found a one-way gate to the infinite horrors of the Abyss.
 56638 | Depths:1 | Reached XP level 21. HP: 92/92 MP: 28/42
 56870 | Depths:1 | Found a one-way gateway to a ziggurat.
 57112 | Depths:1 | Identified the +8 flail of Compulsion {holy, rElec rC++
                  | Int+3}
 57122 | Depths:1 | Noticed Mara
 57151 | Depths:1 | Killed Mara
 57365 | Depths:1 | Found a gateway to Hell.
 57469 | Depths:1 | Found Diomosyimy's Book Boutique.
 57470 | Depths:1 | Found Jeidghum's Jewellery Shoppe.
 57471 | Depths:1 | Found Meber's Book Boutique.
 57672 | Depths:2 | Noticed Bai Suzhen
 57673 | Depths:2 | Noticed Saint Roka
 58151 | Depths:2 | Killed Saint Roka
 58595 | Depths:2 | Killed Bai Suzhen
 58596 | Depths:2 | You fall into a shaft and drop 2 floors!
 58596 | Depths:4 | Entered Level 4 of the Depths
 58994 | Depths:4 | Found a one-way gate leading to the halls of Pandemonium.
 59087 | Depths:3 | Found Exomp's Jewellery Shoppe.
 59557 | Depths:3 | Found a transporter.
 59560 | Depths:3 | Found a corrupted altar of Lugonu.
 59684 | Depths:3 | Found a transporter.
 59846 | Depths:3 | Found a runed translucent door.
 59850 | Depths:3 | Noticed Miownoin's ghost (master GrFi)
 60028 | Depths:3 | Killed Miownoin's ghost
 60124 | Depths:3 | Found a runed translucent door.
 60129 | Depths:3 | Noticed Unforgiven's ghost (adept MiFi)
 60165 | Depths:3 | Killed Unforgiven's ghost
 60238 | Depths:3 | Found a runed translucent door.
 60238 | Depths:3 | Noticed Tutea's ghost (adept TrMo)
 60547 | Depths:2 | Reached skill level 10 in Unarmed Combat
 60578 | Depths:2 | Reached skill level 15 in Summonings
 60579 | Depths:2 | Noticed Sojobo
 60584 | Depths:2 | Paralysed by an air elemental for 1 turns
 61461 | Depths:2 | Killed Sojobo
 61619 | Depths:4 | Found a sacrificial altar of Ru.
 63582 | Depths:4 | Reached XP level 22. HP: 99/99 MP: 34/44
 64726 | Depths:4 | Found a gate to the Realm of Zot.
 64762 | Depths:4 | Identified the +1 falchion of Untimely Demise {venom, Will+
                  | Dex+5}
 65427 | Elf:3    | Identified the +3 mace "Teptit" {freeze, Str+6}
 65443 | Elf:3    | Identified the +8 morningstar of Armageddon {pain, +Blink
                  | rF+ rCorr Str-3}
 65443 | Elf:3    | Identified the ring of Gesulowk {Ice Str-3 Dex+5}
 65446 | Elf:3    | Reached skill level 16 in Summonings
 65641 | Elf:3    | Identified the +5 quarterstaff "Irut" {flame, rPois rN+
                  | Str+2 Stlth+}
 65781 | Elf:3    | Identified the +2 robe of Imperfection {rF- Dex+6}
 66282 | Elf:3    | Identified the staff of earth "Guutal" {Int+3}
 66284 | Elf:3    | Got Sif Muna's Elucidation of Dislocation and Battling
 66288 | Elf:3    | Identified the +1 pair of boots of the Zebra {MP+9}
 66738 | Slime:1  | Entered Level 1 of the Pits of Slime
 69645 | Slime:5  | Entered Level 5 of the Pits of Slime
 69769 | Slime:5  | Gained mutation: You are vulnerable to heat. (rF-) [a
                  | shining eye]
 69915 | Slime:5  | Lost mutation: You are vulnerable to heat. (rF-) [potion of
                  | mutation]
 69915 | Slime:5  | Gained mutation: You passively dampen the noise of your
                  | surroundings. [potion of mutation]
 69915 | Slime:5  | Lost strength.
 69915 | Slime:5  | Gained mutation: You are agile. (Dex +4, Str/Int -1)
                  | [potion of mutation]
 69915 | Slime:5  | Gained mutation: Potions are less effective at restoring
                  | your health. [potion of mutation]
 69915 | Slime:5  | Gained mutation: You passively map a small area around you.
                  | [potion of mutation]
 69917 | Slime:5  | Lost mutation: You are agile. (Dex +4, Str/Int -1) [potion
                  | of mutation]
 69917 | Slime:5  | Lost mutation: You passively dampen the noise of your
                  | surroundings. [potion of mutation]
 69917 | Slime:5  | Gained mutation: You have a pair of small antennae on your
                  | head. [potion of mutation]
 70157 | Slime:5  | Noticed the Royal Jelly
 70297 | Slime:5  | Reached skill level 17 in Summonings
 70854 | Slime:5  | Killed the Royal Jelly
 71913 | Slime:5  | Identified the ring of Dishonesty {rPois rCorr Dex+4}
 71929 | Slime:5  | Got the Lectures on Flashy Abhorrent Secrets
 71947 | Slime:5  | Got a slimy rune of Zot
 72010 | Slime:5  | Got the Dissertation on Variation and Misfortune
 72624 | Depths:3 | Reached XP level 23. HP: 107/107 MP: 39/46
 72708 | Depths:3 | Identified the amulet of Dimagut {Reflect Regen+ Str+4
                  | SH+5}
 72734 | Depths:3 | Learned a level 6 spell: Dispersal
 72848 | Zot:1    | Entered Level 1 of the Realm of Zot
 74058 | Zot:2    | Reached skill level 10 in Translocations
 74440 | Zot:2    | Reached skill level 15 in Fighting
 74872 | Zot:2    | Noticed an orb of fire
 74875 | Zot:2    | Reached skill level 18 in Summonings
 74877 | Zot:2    | Gained mutation: You are weak. (Str -2) [an orb of fire]
 75421 | Zot:3    | Noticed a Killer Klown
 75424 | Zot:3    | Killed a Killer Klown
 75428 | Zot:3    | Noticed a Killer Klown
 75588 | Zot:3    | Killed a Killer Klown
 75613 | Zot:3    | Noticed a Killer Klown
 75619 | Zot:3    | Noticed an orb of fire
 75619 | Zot:3    | Killed a Killer Klown
 75620 | Zot:3    | Reached skill level 19 in Summonings
 75718 | Zot:2    | Learned a level 7 spell: Haunt
 75718 | Zot:2    | Lost mutation: You have a pair of small antennae on your
                  | head. [potion of mutation]
 75718 | Zot:2    | Lost mutation: You passively map a small area around you.
                  | [potion of mutation]
 75718 | Zot:2    | Gained mutation: You are dopey. (Int -2) [potion of
                  | mutation]
 75718 | Zot:2    | Lost mutation: You are dopey. (Int -2) [potion of mutation]
 75718 | Zot:2    | Gained mutation: Your flesh is cold resistant. (rC+)
                  | [potion of mutation]
 75719 | Zot:2    | Lost mutation: You are weak. (Str -2) [potion of mutation]
 75719 | Zot:2    | Lost mutation: Your flesh is cold resistant. (rC+) [potion
                  | of mutation]
 75719 | Zot:2    | Gained mutation: Your flesh is cold resistant. (rC+)
                  | [potion of mutation]
 75719 | Zot:2    | Lost mutation: Potions are less effective at restoring your
                  | health. [potion of mutation]
 75719 | Zot:2    | Gained mutation: You are partially covered in iridescent
                  | scales. (AC +2) [potion of mutation]
 76229 | Zot:3    | Noticed a Killer Klown
 76238 | Zot:3    | Killed a Killer Klown
 76427 | Zot:3    | Gained mutation: Your magical capacity is low. (-10% MP)
                  | [an orb of fire]
 76447 | Zot:3    | Killed an orb of fire
 76555 | Zot:3    | Learned a level 9 spell: Dragon's Call
 76638 | Zot:3    | Noticed a Killer Klown
 76649 | Zot:3    | Killed a Killer Klown
 76707 | Zot:3    | Noticed an ancient lich
 76729 | Zot:3    | Killed an ancient lich
 76823 | Zot:3    | Reached skill level 20 in Summonings
 77823 | Zot:4    | Noticed Grunn
 77826 | Zot:4    | Killed Grunn
 77827 | Zot:4    | Reached XP level 24. HP: 112/112 MP: 25/41
 77991 | Zot:4    | Learned a level 3 spell: Vhi's Electric Charge
 78414 | Zot:4    | Reached skill level 21 in Summonings
 79054 | Zot:5    | Entered Level 5 of the Realm of Zot
 79927 | Zot:5    | Reached skill level 22 in Summonings
 79949 | Zot:5    | Noticed an orb of fire
 79961 | Zot:5    | Killed an orb of fire
 80044 | Zot:5    | Noticed an orb of fire
 80052 | Zot:5    | Killed an orb of fire
 80180 | Zot:5    | Noticed an orb of fire
 80184 | Zot:5    | Killed an orb of fire
 80269 | Zot:5    | Noticed an ancient lich
 80341 | Zot:5    | Noticed an orb of fire
 80347 | Zot:5    | Noticed a Killer Klown
 80348 | Zot:5    | Killed an orb of fire
 80352 | Zot:5    | Killed a Killer Klown
 80356 | Zot:5    | Noticed an orb of fire
 80363 | Zot:5    | Killed an orb of fire
 80364 | Zot:5    | Reached skill level 23 in Summonings
 80415 | Zot:5    | Noticed an ancient lich
 80424 | Zot:5    | Killed an ancient lich
 80642 | Zot:5    | Killed an ancient lich
 80710 | Zot:5    | Noticed an ancient lich
 80755 | Zot:5    | Noticed a Killer Klown
 80773 | Zot:5    | Noticed an orb of fire
 80776 | Zot:5    | Noticed a Killer Klown
 80779 | Zot:5    | Killed a Killer Klown
 80786 | Zot:5    | Killed a Killer Klown
 80795 | Zot:5    | Noticed an ancient lich
 80797 | Zot:5    | Killed an ancient lich
 80798 | Zot:5    | Noticed an ancient lich
 80802 | Zot:5    | Noticed a Killer Klown
 80803 | Zot:5    | Noticed an ancient lich
 80803 | Zot:5    | Killed an ancient lich
 80824 | Zot:5    | Noticed an orb of fire
 80826 | Zot:5    | Noticed an orb of fire
 80829 | Zot:5    | Killed an ancient lich
 80830 | Zot:5    | Noticed a Killer Klown
 80835 | Zot:5    | Killed a Killer Klown
 80836 | Zot:5    | Killed a Killer Klown
 80847 | Zot:5    | Killed an orb of fire
 81043 | Zot:5    | Got the Orb of Zot
 81109 | Zot:4    | Reached skill level 24 in Summonings
 81439 | D:13     | Reached XP level 25. HP: 116/116 MP: 36/41
 81733 | D:$      | Escaped with the Orb!

Illustrated notes

Levels and vault maps discovered:
D:1:      dpeg_arrival_water_fire, layout_basic,
          hellmonk_ecumenical_altar_run_dry, serial_curves, eino_curves_04,
          eino_curves_02, chequers_serial_rivers_micro_d
D:2:      layout_basic
D:3:      layout_basic, old_standard_altar, uniq_natasha,
          uniq_crazy_yiuf_cottage
D:4:      layout_loops_cross, minmay_temple_entry_wispy, serial_shops,
          nicolae_shop_waterfront
D:5:      layout_gridville, yredelemnul_altar_generic, elyvilon_altar_3,
          uniq_blork_the_orc
D:6:      layout_basic, serial_corexii_hall, corexii_hall_statues_i,
          chequers_hall_statues_wall_a, chequers_mini_garden
D:7:      layout_cave_pools
D:8:      layout_loops_cross, david_lair_shrubbed
D:9:      layout_basic, kennysheep_mini, okawaru_altar_gauntlet_db,
          serial_shops, shop
D:10:     layout_small_grid, hangedman_ru_absence, amcnicky_altar_gilded,
          mainiacjoe_overflow_24_doors
D:11:     kennysheep_kobold_lugonu_temple, layout_layer_cave, david_orc_3,
          portal_ice_cave_entry_ice_simulacra
D:12:     layout_small_grid
D:13:     layout_loops_ring, ebering_ghost_reflecting_pool
D:14:     layout_basic, erik_vaults_1, interstate_on_off, serial_shops,
          nicolae_shop_stone, shop_fountains, nicolae_shop_statue_plus,
          special_room [special_room_mythical_zoo], minmay_statues_item,
          moated_statue
D:15:     grunt_enter_depths_snipers, layout_loops_ring,
          chequers_serial_rivers_small_b, hex_large
Temple:   nicolae_temple_ecumenical_triangle
Lair:1:   layout_roguey, basic_altar, serial_forest,
          infiniplex_forest_clump_double, infiniplex_forest_lined_room_2,
          infiniplex_forest_end_1, infiniplex_forest_clump_diagonal,
          infiniplex_forest_end_1, infiniplex_forest_clump_tiny,
          infiniplex_forest_split, infiniplex_forest_straight_1,
          infiniplex_forest_clump_double, wad_woods_river_02,
          pdpol_lair_neglected_garden, minivault_27, uniq_joseph, uniq_amaemon,
          uniq_erica, uniq_nergalle
Lair:2:   layout_regular_city, minmay_swamp_entry_worms, basic_altar,
          lemuel_fruit_fields
Lair:3:   lemuel_reptile_caves, layout_loops_ring,
          hellmonk_spider_entry_not_the_bees, infiniplex_staircase_pool_2,
          grunt_megastairs_5
Lair:4:   layout_gridlike
Lair:5:   minmay_lair_end_frog_pond, layout_gridlike,
          minmay_slime_entry_pillars, uniq_kirke, uniq_sonja, uniq_snorg
Swamp:1:  layout_basic_swamp, ebering_ghost_xom, serial_swamp_ruin,
          evilmike_swamp_ruin_rubble_2, evilmike_swamp_ruin_house_4, uniq_donald
Swamp:2:  layout_basic_swamp, lemuel_altar_in_water2, infiniplex_staircase_pool
Swamp:3:  layout_falls_marsh, hangedman_swamp_ruin_wall
Swamp:4:  swamp, layout_basic_swamp, swamp_pool1
Spider:1: layout_spider_delve, ebering_ghost_xom, hive_lemuel, uniq_agnes
Spider:2: layout_spider_delve
Spider:3: layout_spider_delve, guppyfry_spider_mini_2
Spider:4: johnstein_spider_rune_arachne_lair, drop_trap
Slime:1:  layout_caves
Slime:2:  layout_caves
Slime:3:  layout_caves
Slime:4:  layout_caves
Slime:5
Orc:1:    layout_caves, uniq_josephine
Orc:2:    grunt_orc_tribal_feast, layout_caves, uniq_rupert, uniq_erolcha,
          uniq_urug
Elf:1:    eino_elf_arrival_customs, layout_gridlike, hangedman_elf_represent,
          corner_web_ring
Elf:2:    nicolae_elf_blades_splatter_lattice
          [nicolae_blade_entry_crossed_weapons], layout_loops_cross,
          serial_shops, nicolae_shop_bloodbath_and_beyond
Elf:3:    minmay_elf_hall_quartered_circle, layout_geoelf_castle
Vaults:1: ontoclasm_vaults_tryst, vaults_standard_mumra_enter_the_diamond,
          nicolae_vaults_what_the_h, v_misc_23,
          nicolae_vaults_network_quinsquares
          [nicolae_vaults_network_quincunx_subvault,
          nicolae_vaults_network_quincunx_subvault,
          nicolae_vaults_network_quincunx_subvault,
          nicolae_vaults_network_quincunx_subvault], grunt_vaults_hallway_short,
          ontoclasm_vaults_decontamination, vaults_dpeg_emergency_exit,
          layout_vaults_quadrants
Vaults:2: minmay_crypt_entry_skeletal_spiral, hangedman_vaults_capsules,
          vaults_room_ringed_pool, vaults_dpeg_hooks, v_misc_33,
          hangedman_vaults_pinch, vaults_mumra_hexcomb, hangedman_vaults_snaps,
          grunt_vaults_focal, nicolae_vaults_little_squares_4,
          dpeg_vaults_monster_box, layout_vaults_omnibox, serial_shops,
          nicolae_square_shop
Vaults:3: gammafunk_ghost_ooze, v_misc_17, vaults_dpeg_cross,
          vaults_room_corners, v_alt_pattern_2, nicolae_vaults_network_barrier,
          nicolae_vaults_ring_of_whatevers, layout_vaults_chaotic_city
Vaults:4: nicolae_vaults_border_crossing, dpeg_vaults_monster_row,
          hangedman_vaults_stagger, vaults_mumra_hex,
          nicolae_vaults_sealed_display, vaults_room_fours,
          ontoclasm_vaults_twist, vaults_dpeg_ring, vaults_room_pool,
          layout_vaults_maze_snakey, serial_shops, shop
Depths:1: layout_honeycomb, enter_ziggurat_b, hell_entry,
          minmay_misc_feat_cross, abyss_entry, lemuel_old_faithful,
          minmay_shop_grove, uniq_mara
Depths:2: minmay_angry_zag, layout_gridlike, rand_demon_pan_entry_3,
          lightli_too_deep, minmay_staircase_statues, grunt_megastairs_1,
          uniq_sojobo, uniq_bai_suzhen, uniq_saint_roka
Depths:3: gammafunk_corrupted_shrine, layout_basic,
          muffindrake_ghost_three_little_ghosts, chequers_jeans, pan_entry,
          abyss_entry, hell_entry, minmay_shop_star, infiniplex_staircase_star
Depths:4: grunt_zot_entry_gee_three, layout_twisted_cross, lemuel_crystal_altar,
          hell_entry, pan_entry
Zot:1:    layout_onion
Zot:2:    layout_gridlike
Zot:3:    ebering_klown_carousel, layout_gridville
Zot:4:    kennysheep_oblong_rooms, layout_gridlike, uniq_grunn
Zot:5:    layout_misc_corridors

Skill      XL: |  1  2  3  4  5  6  7  8  9 10 11 12 13 14 15 16 17 18 19 20 21 22 23 24 |
---------------+-------------------------------------------------------------------------+-----
Stealth        | 3 4 5 6 8 10 9 11 | 11.9
Earth Magic    | 3 4 5 6 8 9 |  9.6
Conjurations   | 1 3 4 6 7 8 9 11 12 | 12.0
Dodging        | 4 6 8 9 11 13 14 15 17 | 17.0
Unarmed Combat | 1 2 4 5 8 9 10 | 10.0
Translocations | 1 2 3 4 6 9 10 | 10.3
Evocations     | 3 4 6 7 9 |  9.0
Hexes          | 6 9 |  9.0
Summonings     | 4 5 6 7 10 11 13 14 15 17 20 24 | 24.2
Spellcasting   | 4 5 6 7 8 10 12 15 16 17 18 | 18.2
Fighting       | 4 5 6 9 10 12 14 15 | 15.0
Transmutations | 3 2 4 11 15 | 15.0
Necromancy     | 6 8 |  8.0

Action                     |  1- 3 |  4- 6 |  7- 9 | 10-12 | 13-15 | 16-18 | 19-21 | 22-24 | 25-27 || total
---------------------------+-------+-------+-------+-------+-------+-------+-------+-------+-------++-------
  Melee: Unarmed           |     8 |     5 |     7 |    59 |    25 |   375 |   145 |   121 |       ||   745
         Bite              |     1 |     1 |       |    12 |     4 |    86 |    32 |    24 |       ||   160
         Punch             |       |       |       |       |       |    36 |    19 |    16 |       ||    71
   Cast: Sandblast         |    49 |   103 |    82 |     2 |       |       |       |       |       ||   236
         Stone Arrow       |       |     1 |   146 |   381 |   753 |   156 |     1 |       |       ||  1438
         Summon Guardian G |       |       |     2 |    41 |    72 |    23 |       |       |       ||   138
         Passwall          |       |       |     1 |     3 |       |    12 |     8 |    14 |       ||    38
         Blink             |       |       |       |     3 |     2 |     2 |     1 |     1 |       ||     9
         Iskenderun's Myst |       |       |       |       |     7 |       |       |       |       ||     7
         Summon Forest     |       |       |       |       |    46 |    73 |    32 |    35 |       ||   186
         Summon Mana Viper |       |       |       |       |    16 |   120 |    23 |    20 |       ||   179
         Statue Form       |       |       |       |       |       |   120 |    83 |   114 |       ||   317
         Summon Cactus Gia |       |       |       |       |       |   107 |    41 |    27 |       ||   175
         Irradiate         |       |       |       |       |       |     1 |     5 |    11 |       ||    17
         Borgnjor's Vile C |       |       |       |       |       |    32 |   128 |   169 |     2 ||   331
         Spellforged Servi |       |       |       |       |       |       |    67 |   128 |       ||   195
         Iron Shot         |       |       |       |       |       |       |    58 |   183 |       ||   241
         Haunt             |       |       |       |       |       |       |       |    13 |       ||    13
         Dragon's Call     |       |       |       |       |       |       |       |    14 |     1 ||    15
         Dispersal         |       |       |       |       |       |       |       |     1 |       ||     1
 Invoke: Potion Petition   |       |       |       |       |     4 |     2 |     1 |     5 |       ||    12
         Call Merchant     |       |       |       |       |     1 |     2 |       |       |       ||     3
         Bribe Branch      |       |       |       |       |       |       |       |     2 |       ||     2
Ability: End Transformatio |       |       |       |       |       |       |     2 |     1 |       ||     3
  Evoke: Wand              |       |       |     5 |    10 |    15 |    11 |     3 |     4 |       ||    48
         Phial of floods   |       |       |       |     1 |     2 |       |     1 |       |       ||     4
         Phantom mirror    |       |       |       |       |     4 |     1 |     1 |       |       ||     6
         Lightning rod     |       |       |       |       |       |     4 |       |       |       ||     4
         Box of beasts     |       |       |       |       |       |       |     1 |     1 |       ||     2
         Condenser vane    |       |       |       |       |       |       |       |     4 |       ||     4
    Use: Potion            |       |     4 |     2 |       |     3 |     1 |     2 |    11 |       ||    23
         Scroll            |       |       |     4 |    11 |     8 |    11 |     4 |    11 |     1 ||    50
   Stab: Sleeping          |     1 |     1 |     2 |    10 |     7 |    22 |    25 |    17 |       ||    85
         Betrayed ally     |       |       |       |       |     1 |       |       |       |       ||     1
         Distracted        |       |       |       |       |       |     6 |     5 |     6 |       ||    17
         Invisible         |       |       |       |       |       |       |     3 |       |       ||     3
 Armour: Skin              |     1 |    11 |    21 |    31 |    33 |   363 |   120 |   130 |       ||   710
  Dodge: Dodged            |    21 |    47 |   137 |   265 |   494 |  1168 |   410 |   472 |     4 ||  3018

Table legend: (Time is in decaauts)
 A = Elapsed time spent in this place.
 B = Non-inter-level travel time spent in this place.
 C = Inter-level travel time spent in this place.
 D = Time resting spent in this place.
 E = Time spent auto-exploring this place.
 F = Levels seen in this place.
 G = Mean time per level.
                   A        B        C        D        E       F      G
               +--------+--------+--------+--------+--------+-----+--------+
         Total |  82955 |  75793 |   7162 |  26753 |  32042 |  52 | 1595.3 |
       Dungeon |  17674 |  15271 |   2403 |   3852 |   8401 |  15 | 1178.3 |
        Temple |    119 |    108 |     11 |      0 |     81 |   1 |  119.0 |
          Lair |  12462 |  11090 |   1372 |   4350 |   3856 |   5 | 2492.4 |
         Swamp |   6472 |   6199 |    273 |   3018 |   1931 |   4 | 1618.0 |
   Spider Nest |   6575 |   6363 |    212 |   2132 |   2611 |   4 | 1643.8 |
    Slime Pits |   4975 |   4709 |    266 |   2028 |   1522 |   5 |  995.0 |
  Orcish Mines |   2005 |   1578 |    427 |    302 |    851 |   2 | 1002.5 |
   Elven Halls |   6407 |   5569 |    838 |   1888 |   2192 |   3 | 2135.7 |
        Vaults |   6935 |   6639 |    296 |    795 |   4525 |   4 | 1733.8 |
        Depths |   9812 |   9166 |    646 |   4244 |   3291 |   4 | 2453.0 |
           Zot |   9515 |   9101 |    414 |   4141 |   2775 |   5 | 1903.0 |
               +--------+--------+--------+--------+--------+-----+--------+

Top non-repeatable levels by time:
Depths:4: 3909 daAuts
Spider:4: 3252 daAuts
  Lair:5: 3024 daAuts
  Lair:4: 2919 daAuts
  Lair:3: 2867 daAuts
    D:11: 2647 daAuts
   Zot:2: 2525 daAuts
   Zot:5: 2422 daAuts
   Elf:3: 2388 daAuts
   Elf:1: 2380 daAuts
   Zot:3: 2338 daAuts
 Swamp:2: 2338 daAuts
Vaults:1: 2211 daAuts
Vaults:2: 2129 daAuts
  Lair:2: 2074 daAuts
